 Dungeon Crawl Stone Soup version 0.28.0-53-g5a82cb258f (webtiles) character file.

Game seed: 832392627996803250

433 MiltankisOP the Changer (level 6, 0/47 HPs)
             Began as a Draconian Transmuter on July 10, 2022.
             Was an Initiate of Cheibriados.
             Slain by Edmund
             ... wielding a +5 vorpal flail
              (7 damage)
             ... on level 5 of the Dungeon.
             The game lasted 00:08:47 (5070 turns).

MiltankisOP the Changer (Draconian Transmuter)      Turns: 5070, Time: 00:08:48

Health: 0/47       AC:  6    Str: 14    XL:     6   Next: 67%
Magic:  12/12      EV: 12    Int: 16    God:    Cheibriados [......]
Gold:   196        SH:  0    Dex: 12    Spells: 12/13 levels left

rFire   . . .      SeeInvis .     - Unarmed
rCold   . . .      Faith    .   (no shield)
rNeg    . . .      Spirit   .   (armour unavailable)
rPois   .          Reflect  .   (helmet currently unavailable)
rElec   .          Harm     .   i - scarf {shadows}
rCorr   .          Rampage  .   (no gloves)
Will    .....                   (boots currently unavailable)
Stlth   +.........              (no amulet)
HPRegen 0.15/turn               a - ring of wizardry
MPRegen 0.13/turn               (no ring)

@: appendages, marked, very slow
A: horns 2, talons 2, AC +6, unfitting armour, cold-blooded
a: End Transformation, Renounce Religion


You were on level 5 of the Dungeon.
You worshipped Cheibriados.
Cheibriados was noncommittal.
You had temporarily grown beastly horns and talons.
You visited 2 branches of the dungeon, and saw 6 of its levels.

You collected 196 gold pieces.

Inventory:

Missiles
 y - 5 boomerangs
Armour
 i - a scarf of shadows (worn)
 p - a +2 hat (melded)
Jewellery
 a - a ring of wizardry (left hand)
Wands
 x - a wand of flame (14)
 B - a wand of paralysis (6)
Scrolls
 d - 3 scrolls of fog {unknown}
 g - a scroll of enchant weapon {unknown}
 h - a scroll of teleportation {unknown}
 j - a scroll of fear {unknown}
 k - a scroll of amnesia {unknown}
 l - a scroll of silence {unknown}
 s - 2 scrolls of blinking {unknown}
 u - 3 scrolls of identify {unknown}
 w - a scroll of noise {unknown}
Potions
 b - 2 potions of haste {unknown}
 c - a potion of curing {unknown}
 e - 2 potions of heal wounds {unknown}
 f - a potion of berserk rage {unknown}
 m - a potion of degeneration {unknown}
 n - a potion of flight {unknown}
 o - 2 potions of mutation {unknown}
 q - 2 potions of ambrosia {unknown}
 r - 3 potions of attraction {unknown}
 t - a potion of invisibility {unknown}
 v - a potion of brilliance {unknown}
 z - a potion of cancellation {unknown}
 A - a potion of lignification {unknown}


   Skills:
 - Level 1.1 Fighting
 - Level 1.7 Dodging
 - Level 3.0 Unarmed Combat
 - Level 4.0 Spellcasting
 + Level 6.1 Transmutations


You had 12 spell levels left.
You knew the following spells:

 Your Spells              Type           Power      Damage    Failure   Level
a - Beastly Appendage     Tmut           44%        N/A       1%          1

Your spell library contained the following spells:

 Spells                   Type           Power      Damage    Failure   Level
 Wereblood                Tmut           22%        N/A       1%          2
 Spider Form              Tmut/Pois      13%        N/A       6%          3
 Ice Form                 Ice/Tmut       13%        N/A       19%         4
 Inner Flame              Hex/Fire       3%         N/A       21%         3
 Cause Fear               Hex            1%         N/A       52%         4
 Discord                  Hex            1%         N/A       100%        8


Dungeon Overview and Level Annotations

Branches:
Dungeon (5/15)             Temple (1/1) D:5

Altars:
Ashenzari
Cheibriados
Elyvilon
Gozag
Okawaru
Ru
Sif Muna
Trog
Uskayaw
Vehumet
Xom
Zin
The Shining One

Annotations:
D:4 3 runed translucent doors, MiltankisOP's ghost, amateur OgGl
D:5 1 runed translucent door, Edmund; mortz's ghost, novice DgCj


Innate Abilities, Weirdness & Mutations

You have temporarily grown beastly horns and talons.
Your plain brown scales are hard. (AC +6)
You cannot fit into any form of body armour.
You are cold-blooded and may be slowed by cold attacks.


Message History

You hit Edmund but do no damage. You claw Edmund, but do no damage.
You headbutt Edmund.
Edmund is heavily wounded.
The hound bites you but does no damage. x2
The helpless Edmund fails to defend himself.
You hit Edmund but do no damage. You claw Edmund, but do no damage.
You tail-slap Edmund.
Edmund is severely wounded.
The hound barely misses you.
The helpless Edmund fails to defend himself.
You hit Edmund. You claw Edmund, but do no damage.
You headbutt Edmund, but do no damage.
Edmund is severely wounded.
The hound bites you but does no damage.
The helpless Edmund fails to defend himself.
You hit Edmund but do no damage. You tail-slap Edmund.
Edmund is severely wounded.
Edmund is no longer paralysed.
The hound barely misses you. The hound closely misses you.
Edmund hits you with a +5 vorpal flail!
You closely miss Edmund. You headbutt Edmund.
You tail-slap Edmund, but do no damage.
Edmund is almost dead.
The hound barely misses you. Edmund hits you with a +5 vorpal flail.
You barely miss Edmund. You punch Edmund, but do no damage.
Edmund is almost dead.
The hound completely misses you. The hound barely misses you.
Edmund hits you with a +5 vorpal flail!
* * * LOW HITPOINT WARNING * * *
x2 You hit Edmund but do no damage.
You claw Edmund, but do no damage. You headbutt Edmund.
Your punch misses Edmund.
Edmund is almost dead.
The hound bites you.
* * * LOW HITPOINT WARNING * * *
Aiming: Throw Flame
Press: ? - help, Q - select action, (/) - cycle Shift-Dir - straight line, f/p - Edmund
Aim: Edmund, wielding a +5 vorpal flail and wearing a +0 scale mail (almost dead, 72% to hit)
The puff of flame hits Edmund.
Edmund is almost dead.
The hound bites you but does no damage. Edmund hits you with a +5 vorpal flail!
You die...

..##. ## ......
##### ....####.
>..... .... ........
.....#<.@ ####.#(...
....... ............
###.... ...###....##
#...).######
#..........
#......##
##...<.....
###.@@..##
#.##.###.# #..h....#
# #.###.#
#.......... #..##..
######.......###
##...#.
##....<......##
###.##
##.............##
#.##
#...............###
#..#
#.................##
##.#
#..........)...##..#
#.#


You could see Edmund and a hound.

Vanquished Creatures
  Menkaure (D:5)
  2 scorpions (D:5)
  A centaur zombie (D:5)
  A centaur skeleton (D:4)
  3 gnolls
  4 adders
  A white imp (D:5)
  2 worms (D:2)
  2 dart slugs
  An orc (D:5)
  3 endoplasms
  3 giant cockroaches (D:1)
  5 goblins
  6 hobgoblins
  3 jackals (D:1)
  2 quokkas (D:1)
  5 ball pythons
  5 bats
  2 frilled lizards
  7 kobolds
  6 rats
  A toadstool (D:1)
66 creatures vanquished.

Vanquished Creatures (others)
  3 toadstools (D:1)
3 creatures vanquished.

Grand Total: 69 creatures vanquished

Notes
Turn   | Place    | Note
-------+----------+-------------------------------------------
     0 | D:1      | MiltankisOP the Draconian Transmuter began the quest for
                  | the Orb.
     0 | D:1      | Reached XP level 1. HP: 16/16 MP: 3/3
   123 | D:1      | Reached XP level 2. HP: 17/23 MP: 3/5
   891 | D:1      | Reached XP level 3. HP: 12/28 MP: 5/7
  1160 | D:1      | Reached skill level 3 in Transmutations
  1697 | D:2      | Found a faded altar of an unknown god.
  1704 | D:2      | Found a shimmering altar of Xom.
  1821 | D:2      | Reached XP level 4. HP: 35/35 MP: 6/8
  3698 | D:4      | Reached skill level 4 in Transmutations
  3698 | D:4      | Reached XP level 5. HP: 36/40 MP: 8/10
  3968 | D:4      | Found a runed translucent gate.
  3969 | D:4      | Found a runed translucent gate.
  3971 | D:4      | Found a runed translucent gate.
  3972 | D:4      | Identified the +10 hunting sling of Bodyfaec {vorpal, rF++
                  | rC-}
  3972 | D:4      | Noticed MiltankisOP's ghost (amateur OgGl)
  4201 | D:4      | Found a glowing golden altar of the Shining One.
  4433 | D:5      | Entered Level 5 of the Dungeon
  4474 | D:5      | Found a staircase to the Ecumenical Temple.
  4474 | D:5      | Noticed Menkaure
  4555 | D:5      | Killed Menkaure
  4556 | D:5      | Reached skill level 5 in Transmutations
  4556 | D:5      | Reached XP level 6. HP: 47/47 MP: 9/12
  4605 | Temple   | Entered the Ecumenical Temple
  4780 | Temple   | Became a worshipper of Cheibriados the Contemplative
  4909 | D:5      | Found a runed translucent door.
  4915 | D:5      | Noticed mortz's ghost (novice DgCj)
  4994 | D:5      | Reached skill level 6 in Transmutations
  5049 | D:5      | Noticed Edmund
  5070 | D:5      | Slain by Edmund

Illustrated notes

Levels and vault maps discovered:
D:1:      ldierk_water_garden, layout_basic
D:2:      layout_loops_ring, basic_altar, chequers_ecumenical_altar_twisty
D:3:      layout_basic, dk_noncrumbling_3
D:4:      layout_basic, tso_metal_star, biasface_ghost_orc_armoury
D:5:      layout_rooms, nemelex_dance_club_becter,
          minmay_temple_entry_mini_moons, ebering_ghost_reflecting_pool,
          nzn_random_ring, uniq_edmund, uniq_menkaure
Temple:   nicolae_temple_elliptical

Skill      XL: |  1  2  3  4  5  6 |
---------------+-------------------+-----
Transmutations | 3 4 5 6 |  6.1
Spellcasting   | 3 4 |  4.0
Fighting       | |  1.1
Dodging        | |  1.7
Unarmed Combat | |  3.0

Action                   |  1- 3 |  4- 6 || total
-------------------------+-------+-------++-------
Melee: Unarmed           |   118 |    83 ||   201
       Headbutt          |     8 |    19 ||    27
       Tailslap          |     9 |    16 ||    25
       Kick              |    22 |    26 ||    48
       Punch             |     1 |     3 ||     4
 Cast: Beastly Appendage |    27 |    24 ||    51
Evoke: Wand              |       |     3 ||     3
 Stab: Sleeping          |       |     1 ||     1
       Paralysed         |       |    10 ||    10
Armor: Skin              |    33 |    29 ||    62
Dodge: Dodged            |    73 |    60 ||   133
